 Dungeon Crawl Stone Soup version 0.27-a0-819-g058290f16d (webtiles) character file.

Game seed: 11935471541151728539

36 rocky1 the Ducker (level 3, -6/28 HPs)
             Began as a Demonspawn Gladiator on Mar 30, 2021.
             Mangled by an ogre
             ... wielding a +0 giant club
              (10 damage)
             ... on level 2 of the Dungeon.
             The game lasted 00:02:09 (1495 turns).

rocky1 the Ducker (Demonspawn Gladiator)            Turns: 1495, Time: 00:02:10

Health: -6/28      AC:  3    Str: 11 (14) XL:     3   Next: 19%
Magic:  3/3        EV: 12    Int:  7 (10) God:
Gold:   13         SH:  0    Dex: 13 (14) Spells: 2/2 levels left

rFire    . . .     SeeInvis .   a - +0 war axe
rCold    . . .     Faith    .   (no shield)
rNeg     . . .     Spirit   .   b - +0 leather armour
rPois    .         Reflect  .   (helmet restricted)
rElec    .         Harm     .   (no cloak)
rCorr    .         Rampage  .   (no gloves)
Will     .....                  (no boots)
Stlth    +.........             (no amulet)
HPRegen  0.09/turn              (no ring)
MPRegen  0.08/turn              (no ring)

@: very slightly contaminated, invisible
A: horns 1, foul stench 1
a: no special abilities


You were on level 2 of the Dungeon.
You visited 1 branch of the dungeon, and saw 2 of its levels.

You collected 13 gold pieces.

Inventory:

Hand Weapons
 a - a +0 war axe (weapon)
Missiles
 d - a throwing net (quivered)
Armour
 b - a +0 leather armour (worn)
Scrolls
 c - a scroll of acquirement {unknown}
 g - a scroll of blinking {unknown}
Potions
 e - a potion of degeneration


   Skills:
 + Level 2.4 Fighting
 + Level 3.0 Axes
 - Level 1.7 Throwing
 + Level 1.1 Armour
 + Level 3.0 Dodging


You had 2 spell levels left.
You didn't know any spells.
Your spell library was empty.

Dungeon Overview and Level Annotations

Branches:
Dungeon (2/15)

Altars:


Innate Abilities, Weirdness & Mutations

You have a pair of small horns on your head.
You may rarely emit foul miasma when damaged in melee.


Message History

Aim: an ogre, wielding a +0 giant club (74% to hit)
You throw a throwing net.
The throwing net closely misses the ogre.
Throw: 2 throwing nets
Press: ? - help, Q - select action Shift-Dir - straight line, f/p - ogre
Aim: an ogre, wielding a +0 giant club (74% to hit)
You throw a throwing net. The throwing net hits the ogre.
The ogre is caught in the net!
The ogre struggles against the net.
The ogre struggles against the net.
The ogre struggles against the net.
The ogre struggles against the net.
You hit the ogre.
The ogre is lightly wounded.
The ogre struggles against the net.
The net rips apart, and the ogre comes free!
You hit the ogre but do no damage. Your headbutt misses the ogre.
The ogre is lightly wounded.
The ogre closely misses you.
The ogre hits you with a +0 giant club!!
Ouch! That really hurt!
* * * LOW HITPOINT WARNING * * *
You hit the ogre.
The ogre is lightly wounded.
The ogre misses you.
Unknown command.
It was a potion of degeneration.
There was something very wrong with that liquid.
You feel weakened.
You feel dopey.
You feel clumsy. The ogre barely misses you.
Unknown command.
It was a potion of invisibility.
You fade into invisibility!
The ogre barely misses you.
You are very lightly contaminated with residual magic.
Unknown command.
You hit the ogre but do no damage. Your headbutt misses the ogre.
The ogre is lightly wounded.
The ogre closely misses you. The ogre hits you with a +0 giant club!
You die...

#.#......#
.)......>#
..........#
########.#.#
#.#.# #.#.#
#.#.# #.#
#@# #O# #.#
#.# ... #(#
#.# #.# #..


You could see an ogre.

Vanquished Creatures
  A dart slug (D:1)
  A bat (D:1)
  4 endoplasms (D:1)
  7 goblins
  4 jackals (D:1)
  5 ball pythons (D:1)
  2 frilled lizards (D:1)
  4 kobolds (D:1)
  A rat (D:1)
29 creatures vanquished.

Notes
Turn   | Place    | Note
-------+----------+-------------------------------------------
     0 | D:1      | rocky1 the Demonspawn Gladiator began the quest for the
                  | Orb.
     0 | D:1      | Reached XP level 1. HP: 16/16 MP: 1/1
   568 | D:1      | Gained mutation: You have a pair of small horns on your
                  | head. [demonic ancestry]
   568 | D:1      | Reached XP level 2. HP: 20/22 MP: 2/2
  1065 | D:1      | Reached skill level 1 in Armour
  1068 | D:1      | Gained mutation: You may rarely emit foul miasma when
                  | damaged in melee. [demonic ancestry]
  1068 | D:1      | Reached XP level 3. HP: 26/28 MP: 3/3
  1482 | D:2      | Noticed an ogre
  1495 | D:2      | Mangled by an ogre

Illustrated notes

Levels and vault maps discovered:
D:1:      tarquinn_simple_flora_water_f, layout_loops_ring, minmay_misc_feat_iff
D:2:      lemuel_upstairs_altar, layout_basic, lemuel_coloured_pillars_altar,
          chequers_ecumenical_altar_island

Skill      XL: |  1  2 |
---------------+-------+-----
Dodging        | 3 |  3.0
Axes           | 3 |  3.0
Armour         | 1 |  1.1
Fighting       | |  2.4
Throwing       | |  1.7

Action                   || total
-------------------------++-------
Melee: War axe           ||    69
       Headbutt          ||     7
Throw: Throwing net      ||     2
  Use: Potion            ||     2
Armor: Leather armour    ||    11
Dodge: Dodged            ||    44

Table legend: (Time is in decaauts)
 A = Elapsed time spent in this place.
 B = Non-inter-level travel time spent in this place.
 C = Inter-level travel time spent in this place.
 D = Time resting spent in this place.
 E = Time spent auto-exploring this place.
 F = Levels seen in this place.
 G = Mean time per level.
                   A        B        C        D        E       F      G
               +--------+--------+--------+--------+--------+-----+--------+
         Total |   1518 |   1494 |     24 |    596 |    690 |   2 |  759.0 |
       Dungeon |   1518 |   1494 |     24 |    596 |    690 |   2 |  759.0 |
               +--------+--------+--------+--------+--------+-----+--------+

Top non-repeatable levels by time:
     D:1: 1462 daAuts
     D:2: 56 daAuts
